| TOP OF THE 1ST |
|
Lansing Lugnuts batting - Pitching for Cedar Rapids Kernels : LHP Mario Flores
|
|
Pitching: LHP Mario Flores
|
|
|
Batting: RHB Kennet Strijbis
|
0-0: Ball 1-0: Foul Ball, location: 2F 1-1: Ball 2-1: Called Strike 2-2: Foul Ball, location: 2F 2-2: Foul Ball, location: 2F 2-2: Foul Ball, location: 2F 2-2: Ball 3-2: Foul Ball, location: 2F 3-2: SINGLE (Line Drive, 9S, EV 106.2 MPH)
|
|
Batting: RHB Yojiro Hayashi
|
0-0: Swinging Strike 0-1: Ball Kennet Strijbis is caught stealing 2nd base 2-4 1-1: Ground out 5-3 (Groundball, 56, EV 100.6 MPH)
|
|
Batting: RHB James Boynton
|
0-0: Called Strike 0-1: Foul Ball, location: 2F 0-2: Ball 1-2: Strikes out looking
|
| Top of the 1st over - 0 runs, 1 hit, 0 errors, 0 left on base; Lansing 0 - Cedar Rapids 0 |
| BOTTOM OF THE 1ST |
|
Cedar Rapids Kernels batting - Pitching for Lansing Lugnuts : LHP Jon Sosa
|
|
Pitching: LHP Jon Sosa
|
|
|
Batting: RHB Nick Phipps
|
0-0: Called Strike 0-1: Ground out 4-3 (Groundball, 4, EV 90.6 MPH)
|
|
Batting: RHB Tim Carter
|
0-0: Ball 1-0: Foul Ball, location: 2F 1-1: Fly out, F7 (Line Drive, 7LM, EV 88.1 MPH)
|
|
Batting: RHB Mike Buchanan
|
0-0: Ground out 4-3 (Groundball, 4, EV 84.4 MPH)
|
| Bottom of the 1st over - 0 runs, 0 hits, 0 errors, 0 left on base; Lansing 0 - Cedar Rapids 0 |
| TOP OF THE 2ND |
|
Lansing Lugnuts batting - Pitching for Cedar Rapids Kernels : LHP Mario Flores
|
|
Batting: LHB Marc Carter
|
0-0: Swinging Strike 0-1: Foul Ball, location: 2F 0-2: Ball 1-2: Strikes out swinging
|
|
Batting: RHB Butch Koglin
|
0-0: Ball 1-0: Called Strike 1-1: Ball 2-1: Ball 3-1: Base on Balls
|
|
Batting: RHB Brian Manson
|
0-0: Called Strike 0-1: Foul Ball, location: 2F 0-2: Strikes out swinging
|
|
Batting: RHB Javier Garcia
|
0-0: Ball 1-0: Ball 2-0: Ball Passed Ball! Butch Koglin to second 3-0: Called Strike 3-1: Foul Ball, location: 2F 3-2: Base on Balls
|
|
Batting: LHB Roger Escareno
|
0-0: Ball 1-0: Called Strike 1-1: Ground out 4-3 (Groundball, 4, EV 90.6 MPH)
|
| Top of the 2nd over - 0 runs, 0 hits, 0 errors, 2 left on base; Lansing 0 - Cedar Rapids 0 |
| BOTTOM OF THE 2ND |
|
Cedar Rapids Kernels batting - Pitching for Lansing Lugnuts : LHP Jon Sosa
|
|
Batting: RHB Kevin Harris
|
0-0: Ball 1-0: Ball 2-0: Ball 3-0: Called Strike 3-1: Base on Balls
|
|
Batting: RHB Ruben Serrata
|
0-0: Ball 1-0: Fielders Choice at 2nd, 4-6 (Groundball, 4, EV 83.8 MPH)
|
|
Batting: RHB Jose Gracia
|
0-0: Called Strike 0-1: Called Strike 0-2: Grounds into double play, 1-4-3 (Groundball, 15S, EV 69.4 MPH)
|
| Bottom of the 2nd over - 0 runs, 0 hits, 0 errors, 0 left on base; Lansing 0 - Cedar Rapids 0 |
| TOP OF THE 3RD |
|
Lansing Lugnuts batting - Pitching for Cedar Rapids Kernels : LHP Mario Flores
|
|
Batting: RHB Elliot Manfredini
|
0-0: Ball 1-0: Foul Ball, location: 2F 1-1: Swinging Strike 1-2: Ball 2-2: Ball 3-2: Strikes out swinging
|
|
Batting: RHB Kennet Strijbis
|
0-0: Swinging Strike 0-1: Called Strike 0-2: Strikes out swinging
|
|
Batting: RHB Yojiro Hayashi
|
0-0: Ball 1-0: Fly out, F9 (Flyball, 9, EV 90.6 MPH)
|
| Top of the 3rd over - 0 runs, 0 hits, 0 errors, 0 left on base; Lansing 0 - Cedar Rapids 0 |
| BOTTOM OF THE 3RD |
|
Cedar Rapids Kernels batting - Pitching for Lansing Lugnuts : LHP Jon Sosa
|
|
Batting: RHB Jeremy Witt
|
0-0: Swinging Strike 0-1: Ground out 5-3 (Groundball, 5, EV 86.2 MPH)
|
|
Batting: SHB Chris Hull
|
0-0: Called Strike 0-1: Called Strike 0-2: Ball 1-2: Strikes out swinging
|
|
Batting: RHB Steve Terrell
|
0-0: Called Strike 0-1: DOUBLE (Line Drive, 78D, EV 104.4 MPH)
|
|
Batting: RHB Nick Phipps
|
0-0: Called Strike 0-1: Ball 1-1: SINGLE (Line Drive, 7S, EV 98.1 MPH) Steve Terrell to third Runner from 3rd tries for Home, SAFE, throw by LF to home
|
|
Batting: RHB Tim Carter
|
0-0: Fielders Choice at 2nd, 6-4 (Groundball, 56, EV 103.1 MPH)
|
| Bottom of the 3rd over - 1 run, 2 hits, 0 errors, 1 left on base; Lansing 0 - Cedar Rapids 1 |
| TOP OF THE 4TH |
|
Lansing Lugnuts batting - Pitching for Cedar Rapids Kernels : LHP Mario Flores
|
|
Batting: RHB James Boynton
|
0-0: Called Strike 0-1: Ball 1-1: Ball 2-1: Foul Ball, location: 2F 2-2: Ball 3-2: Foul Ball, location: 2F 3-2: Foul Ball, location: 2F 3-2: Strikes out swinging, 2-3 out at first.
|
|
Batting: LHB Marc Carter
|
0-0: SOLO HOME RUN (Line Drive, 7LD, EV 98.1 MPH), Distance : 370 ft
|
|
Batting: RHB Butch Koglin
|
0-0: Swinging Strike 0-1: Foul Ball, location: 2F 0-2: DOUBLE (Line Drive, 9LS, EV 103.8 MPH)
|
|
Batting: RHB Brian Manson
|
0-0: Called Strike 0-1: Ball 1-1: Ball 2-1: Ball 3-1: Called Strike 3-2: Strikes out swinging
|
|
Batting: RHB Javier Garcia
|
0-0: Swinging Strike 0-1: Foul Ball, location: 2F 0-2: Foul Ball, location: 2F 0-2: Foul Ball, location: 2F 0-2: Ball 1-2: Fly out, F8 (Flyball, 89M, EV 96.9 MPH)
|
| Top of the 4th over - 1 run, 2 hits, 0 errors, 1 left on base; Lansing 1 - Cedar Rapids 1 |
| BOTTOM OF THE 4TH |
|
Cedar Rapids Kernels batting - Pitching for Lansing Lugnuts : LHP Jon Sosa
|
|
Batting: RHB Mike Buchanan
|
0-0: Called Strike 0-1: Called Strike 0-2: Ball 1-2: Foul Ball, location: 2F 1-2: SOLO HOME RUN (Flyball, 7D, EV 98.8 MPH), Distance : 388 ft
|
|
Batting: RHB Kevin Harris
|
0-0: Ball 1-0: Ball 2-0: Swinging Strike 2-1: Ball 3-1: Fly out, F1 (Line Drive, P, EV 65.0 MPH)
|
|
Batting: RHB Ruben Serrata
|
0-0: Ball 1-0: SINGLE (Flyball, 8LS, EV 98.1 MPH)
|
|
Batting: RHB Jose Gracia
|
0-0: Fly out, F9 (Flyball, 9S, EV 82.5 MPH)
|
|
Batting: RHB Jeremy Witt
|
0-0: Ball 1-0: Called Strike 1-1: Called Strike 1-2: Ball 2-2: Ball 3-2: SINGLE (Flyball, 6MD, EV 87.5 MPH) Ruben Serrata to second Ruben Serrata to third
|
|
Batting: SHB Chris Hull
|
0-0: Called Strike 0-1: Ball 1-1: Ground out 5-3 (Groundball, 56S, EV 60.6 MPH)
|
| Bottom of the 4th over - 1 run, 3 hits, 0 errors, 2 left on base; Lansing 1 - Cedar Rapids 2 |
| TOP OF THE 5TH |
|
Lansing Lugnuts batting - Pitching for Cedar Rapids Kernels : LHP Mario Flores
|
|
Batting: LHB Roger Escareno
|
0-0: Ball 1-0: Called Strike 1-1: Ball 2-1: Foul Ball, location: 2F 2-2: Strikes out swinging
|
|
Batting: RHB Elliot Manfredini
|
0-0: Ball 1-0: Called Strike 1-1: Swinging Strike 1-2: Ball 2-2: SINGLE (Groundball, 34D, EV 103.8 MPH)
|
|
Batting: RHB Kennet Strijbis
|
0-0: Swinging Strike 0-1: Foul Ball, location: 2F 0-2: Foul Ball, location: 2F 0-2: Ball 1-2: Ball 2-2: Strikes out looking
|
|
Batting: RHB Yojiro Hayashi
|
0-0: Foul Ball, location: 2F 0-1: Swinging Strike 0-2: Ball 1-2: Foul Ball, location: 2F 1-2: Ball 2-2: Foul Ball, location: 2F 2-2: Foul Ball, location: 2F 2-2: Ball 3-2: 2-RUN HOME RUN (Flyball, 7LD, EV 95.6 MPH), Distance : 360 ft
|
|
Batting: RHB James Boynton
|
0-0: Ball 1-0: Called Strike 1-1: Ground out 4-3 (Groundball, 4M, EV 80.0 MPH)
|
| Top of the 5th over - 2 runs, 2 hits, 0 errors, 0 left on base; Lansing 3 - Cedar Rapids 2 |
| BOTTOM OF THE 5TH |
|
Cedar Rapids Kernels batting - Pitching for Lansing Lugnuts : LHP Jon Sosa
|
|
Batting: RHB Steve Terrell
|
0-0: Ball 1-0: Ball 2-0: Ground out 5-3 (Groundball, 5L, EV 81.2 MPH)
|
|
Batting: RHB Nick Phipps
|
0-0: Called Strike 0-1: Ball 1-1: Foul Ball, location: 2F 1-2: Fly out, F8 (Flyball, 78S, EV 91.9 MPH)
|
|
Batting: RHB Tim Carter
|
0-0: Called Strike 0-1: Fly out, F9 (Flyball, 89M, EV 90.6 MPH)
|
| Bottom of the 5th over - 0 runs, 0 hits, 0 errors, 0 left on base; Lansing 3 - Cedar Rapids 2 |
| TOP OF THE 6TH |
|
Lansing Lugnuts batting - Pitching for Cedar Rapids Kernels : LHP Mario Flores
|
|
Batting: LHB Marc Carter
|
0-0: Called Strike 0-1: Ball 1-1: Ball 2-1: Foul Ball, location: 2F 2-2: Foul Ball, location: 2F 2-2: Strikes out swinging
|
|
Pitching: RHP Pat Adams
|
|
|
Batting: RHB Butch Koglin
|
0-0: Ball 1-0: Ball 2-0: Ball 3-0: Called Strike 3-1: Foul Ball, location: 2F 3-2: Foul Ball, location: 2F 3-2: Base on Balls
|
|
Batting: RHB Brian Manson
|
0-0: Called Strike 0-1: Called Strike 0-2: Strikes out swinging
|
|
Batting: RHB Javier Garcia
|
0-0: Ball 1-0: Ball 2-0: Fly out, F8 (Line Drive, 8RS, EV 110.6 MPH)
|
| Top of the 6th over - 0 runs, 0 hits, 0 errors, 1 left on base; Lansing 3 - Cedar Rapids 2 |
| BOTTOM OF THE 6TH |
|
Cedar Rapids Kernels batting - Pitching for Lansing Lugnuts : LHP Jon Sosa
|
|
Batting: RHB Mike Buchanan
|
0-0: DOUBLE (Line Drive, 89D, EV 105.0 MPH)
|
|
Batting: RHB Kevin Harris
|
0-0: Fly out, F4 (Line Drive, 4, EV 67.5 MPH) Lined into DP, 4-6 (Line Drive, 4, EV 60.6 MPH)
|
|
Batting: RHB Ruben Serrata
|
0-0: Swinging Strike 0-1: Foul Ball, location: 2F 0-2: Strikes out swinging
|
| Bottom of the 6th over - 0 runs, 1 hit, 0 errors, 0 left on base; Lansing 3 - Cedar Rapids 2 |
| TOP OF THE 7TH |
|
Lansing Lugnuts batting - Pitching for Cedar Rapids Kernels : RHP Pat Adams
|
|
Batting: LHB Roger Escareno
|
0-0: SINGLE (Groundball, 4M, EV 108.8 MPH) (infield hit)
|
|
Batting: RHB Elliot Manfredini
|
0-0: Grounds into double play, 6-4-3 (Groundball, 6, EV 88.1 MPH)
|
|
Batting: RHB Kennet Strijbis
|
0-0: Called Strike 0-1: Foul Ball, location: 2F 0-2: Ball 1-2: Ball 2-2: Ball 3-2: SINGLE (Groundball, 4MD, EV 95.0 MPH)
|
|
Batting: RHB Yojiro Hayashi
|
0-0: Called Strike Kennet Strijbis steals 2nd, throwing error, E2 Kennet Strijbis to third 0-1: Foul Ball, location: 2F 0-2: Ball 1-2: Ball 2-2: Foul Ball, location: 2F 2-2: Foul Ball, location: 2F 2-2: Ground out 6-3 (Groundball, 6, EV 86.2 MPH)
|
| Top of the 7th over - 0 runs, 2 hits, 1 error, 1 left on base; Lansing 3 - Cedar Rapids 2 |
| BOTTOM OF THE 7TH |
|
Cedar Rapids Kernels batting - Pitching for Lansing Lugnuts : LHP Jon Sosa
|
|
Now at 3B: Jamie Ogilvie
|
|
|
Now in LF: Dan Hilyer
|
|
|
Batting: RHB Jose Gracia
|
0-0: Ball 1-0: Foul Ball, location: 2F 1-1: Foul Ball, location: 2F 1-2: Strikes out swinging
|
|
Batting: RHB Jeremy Witt
|
0-0: SINGLE (Groundball, 4MD, EV 96.9 MPH)
|
|
Batting: SHB Chris Hull
|
0-0: Ball 1-0: SINGLE (Groundball, 56D, EV 96.2 MPH) Jeremy Witt to second Runner from 2nd tries for 3rd, OUT! 7-5 Chris Hull to second
|
|
Batting: RHB Steve Terrell
|
0-0: Ball 1-0: 2-RUN HOME RUN (Line Drive, 7D, EV 97.5 MPH), Distance : 383 ft
|
|
Batting: RHB Nick Phipps
|
0-0: Swinging Strike 0-1: Ball 1-1: Ball 2-1: Called Strike 2-2: Foul Ball, location: 2F 2-2: Foul Ball, location: 2F 2-2: Foul Ball, location: 2F 2-2: Ball 3-2: SINGLE (Line Drive, 7LM, EV 101.9 MPH)
|
|
Batting: RHB Tim Carter
|
0-0: Ball 1-0: Called Strike 1-1: Ball 2-1: Ball 3-1: Fielders Choice at 2nd, 6-4 (Groundball, 6, EV 100.0 MPH)
|
| Bottom of the 7th over - 2 runs, 4 hits, 0 errors, 1 left on base; Lansing 3 - Cedar Rapids 4 |
| TOP OF THE 8TH |
|
Lansing Lugnuts batting - Pitching for Cedar Rapids Kernels : RHP Pat Adams
|
|
Pitching: RHP Andy Symons
|
|
|
Batting: RHB James Boynton
|
0-0: Ground out 1-3 (Groundball, P, EV 70.0 MPH)
|
|
Batting: LHB Marc Carter
|
0-0: Foul Ball, location: 2F 0-1: SOLO HOME RUN (Flyball, 89XD, EV 96.9 MPH), Distance : 396 ft
|
|
Pinch Hitting: LHB Timo Gomez
|
0-0: Called Strike 0-1: SINGLE (Groundball, 5D, EV 106.2 MPH)
|
|
Pinch Hitting: LHB Chris Fandino
|
Balk! Timo Gomez to second 0-0: Intentional Walk
|
|
Batting: RHB Javier Garcia
|
0-0: Called Strike Chris Fandino steals 2nd base Timo Gomez steals 3rd base 0-1: Ball 1-1: Called Strike 1-2: Ball 2-2: Ball 3-2: Base on Balls
|
|
Pinch Hitting: LHB Chris Munguia
|
0-0: Ball 1-0: Ball 2-0: Called Strike 2-1: Foul Ball, location: 2F 2-2: Foul Ball, location: 2F 2-2: Strikes out looking
|
|
Pinch Hitting: LHB Tony Vitela
|
0-0: Ball 1-0: Foul Ball, location: 2F 1-1: SINGLE (Line Drive, 8LS, EV 98.1 MPH) Timo Gomez scores Chris Fandino to third Javier Garcia to second Runner from 3rd tries for Home, SAFE, throw by CF to home
|
|
Batting: RHB Kennet Strijbis
|
0-0: Ball 1-0: Ball 2-0: Foul Ball, location: 2F 2-1: Swinging Strike 2-2: Ball Wild Pitch! Javier Garcia to third Tony Vitela to second 3-2: Strikes out swinging
|
| Top of the 8th over - 3 runs, 3 hits, 0 errors, 2 left on base; Lansing 6 - Cedar Rapids 4 |
| BOTTOM OF THE 8TH |
|
Cedar Rapids Kernels batting - Pitching for Lansing Lugnuts : LHP Jon Sosa
|
|
Now at 1B: Rodrigo Briceno
|
|
|
Now at 3B: Dylan Phillips
|
|
|
Now at SS: Carlos Renteria
|
|
|
Now in LF: Timo Gomez
|
|
|
Now in CF: Dan Hilyer
|
|
|
Now in RF: Tony Vitela
|
|
|
Batting: RHB Mike Buchanan
|
0-0: Called Strike 0-1: Ball 1-1: Foul Ball, location: 2F 1-2: Ball 2-2: Strikes out swinging
|
|
Batting: RHB Kevin Harris
|
0-0: Fly out, F8 (Line Drive, 8RM, EV 91.2 MPH)
|
|
Batting: RHB Ruben Serrata
|
0-0: Called Strike 0-1: Swinging Strike 0-2: Foul Ball, location: 2F 0-2: Ball 1-2: Strikes out swinging
|
| Bottom of the 8th over - 0 runs, 0 hits, 0 errors, 0 left on base; Lansing 6 - Cedar Rapids 4 |
| TOP OF THE 9TH |
|
Lansing Lugnuts batting - Pitching for Cedar Rapids Kernels : RHP Andy Symons
|
|
Pitching: RHP Danny Lucero
|
|
|
Batting: RHB Dan Hilyer
|
0-0: Ball 1-0: Swinging Strike 1-1: Foul Ball, location: 2F 1-2: Strikes out swinging
|
|
Batting: RHB James Boynton
|
0-0: Called Strike 0-1: Ball 1-1: Foul Ball, location: 2F 1-2: Strikes out swinging
|
|
Batting: LHB Rodrigo Briceno
|
0-0: Ball 1-0: Ball 2-0: Swinging Strike 2-1: Foul Ball, location: 2F 2-2: Ball 3-2: Foul Ball, location: 2F 3-2: Ground out 4-3 (Groundball, 4, EV 98.1 MPH)
|
| Top of the 9th over - 0 runs, 0 hits, 0 errors, 0 left on base; Lansing 6 - Cedar Rapids 4 |
| BOTTOM OF THE 9TH |
|
Cedar Rapids Kernels batting - Pitching for Lansing Lugnuts : LHP Jon Sosa
|
|
Pitching: RHP Andres de Leon
|
|
|
Now in LF: Dan Hilyer
|
|
|
Now in CF: Ricky Carbajal
|
|
|
Batting: RHB Jose Gracia
|
0-0: Ball 1-0: Ground out 5-3 (Groundball, 5S, EV 80.6 MPH)
|
|
Pinch Hitting: LHB Tomas Espino
|
0-0: Foul Ball, location: 2F 0-1: Called Strike 0-2: SOLO HOME RUN (Flyball, 9D, EV 96.2 MPH), Distance : 387 ft
|
|
Batting: SHB Chris Hull
|
0-0: Foul Ball, location: 2F 0-1: Foul Ball, location: 2F 0-2: Ball 1-2: Ball 2-2: Foul Ball, location: 2F 2-2: Fly out, F8 (Flyball, 78M, EV 82.5 MPH)
|
|
Batting: RHB Steve Terrell
|
0-0: Swinging Strike 0-1: Ball 1-1: Called Strike 1-2: Ball 2-2: Ground out 6-3 (Groundball, 6, EV 103.1 MPH)
|
| Bottom of the 9th over - 1 run, 1 hit, 0 errors, 0 left on base; Lansing 6 - Cedar Rapids 5 |
|